 Dungeon Crawl Stone Soup version 0.28-a0-664-gc179e30c89 (webtiles) character file.

Game seed: 8170679313567274051

46 ytrimaz the Shield-Bearer (level 3, 0/26 HPs)
             Began as an Octopode Fighter on Oct 16, 2021.
             Slain by an adder (5 damage)
             ... on level 2 of the Dungeon.
             The game lasted 00:01:27 (1061 turns).

ytrimaz the Shield-Bearer (Octopode Fighter)        Turns: 1061, Time: 00:01:27

Health: 0/26       AC:  1    Str: 15    XL:     3   Next: 66%
Magic:  3/3        EV: 14    Int: 10    God:
Gold:   103        SH:  4    Dex: 12    Spells: 2/2 levels left

rFire   . . .      SeeInvis .   e - +0 dagger (vamp)
rCold   . . .      Faith    .   b - +0 buckler
rNeg    . . .      Spirit   .   (helmet restricted)
rPois   .          Reflect  .   (no amulet)
rElec   .          Harm     .   (no ring)
rCorr   .          Rampage  .   (no ring)
Will    .....                   (no ring)
Stlth   ++........              (no ring)
HPRegen 0.08/turn               (no ring)
MPRegen 0.08/turn               (no ring)
                                (no ring)
                                (no ring)

@: no status effects
A: almost no armour, amphibious, 8 rings, camouflage 1, gelatinous body 1,
(nimble swimmer 1), tentacles
a: no special abilities


You were on level 2 of the Dungeon.
You visited 1 branch of the dungeon, and saw 2 of its levels.

You collected 103 gold pieces.

Inventory:

Hand Weapons
 a - a +0 rapier
 e - a +0 vampiric dagger (weapon)
Armour
 b - a +0 buckler (worn)
Scrolls
 d - a scroll of magic mapping {unknown}
 f - 2 scrolls of identify {unknown}
 g - a scroll of teleportation {unknown}
Potions
 c - a potion of might
 h - a potion of curing {unknown}
 i - a potion of brilliance {unknown}


   Skills:
 - Level 3.0 Fighting
 - Level 2.0 Short Blades
 * Level 3.8 Dodging
 * Level 3.8 Shields


You had 2 spell levels left.
You didn't know any spells.
Your spell library was empty.

Dungeon Overview and Level Annotations

Branches:
Dungeon (2/15)

Altars:


Innate Abilities, Weirdness & Mutations

You cannot wear most types of armour.
You are amphibious.
You can wear up to eight rings at the same time.
Your skin changes colour to match your surroundings (Stealth+).
Your rubbery body absorbs attacks. (AC +1, EV +1)
((You are camouflaged near water. (Stealth+)))
You have tentacles for arms and can constrict up to eight enemies at once.


Message History

You constrict the adder.
You feel sick. The adder bites you.
You are lethally poisoned!
The adder poisons you!
You barely miss the adder. You squeeze the adder.
You kill the adder!
You feel sick. The endoplasm closely misses you.
The adder hisses angrily.
You hit the endoplasm.
You feel better.
You squeeze the endoplasm, but do no damage.
The endoplasm is lightly wounded.
You feel sick. The endoplasm misses you.
You hit the endoplasm.
You feel better.
The endoplasm is severely wounded.
* * * LOW HITPOINT WARNING * * *
You feel sick. The rat misses you.
The endoplasm hits you but does no damage.
You hit the endoplasm.
You feel better.
You kill the endoplasm!
You feel sick. You block the rat's attack.
You closely miss the rat. Your grab misses the rat.
Your squeeze misses the rat.
You feel sick. The rat closely misses you.
You hit the rat.
You feel better.
You grab the rat.
The rat is moderately wounded.
You constrict the rat.
You feel sick.
You hit the rat.
You feel better.
You kill the rat!
You feel sick. The adder bites you but does no damage.
A giant cockroach comes into view.
Found a robe.
You feel sick.
You feel sick.
You are no longer poisoned.
A bat comes into view.
The giant cockroach bites you.
* * * LOW HITPOINT WARNING * * *
Found 14 gold pieces.
The giant cockroach barely misses you. The adder closely misses you.
The giant cockroach misses you. You block the giant cockroach's attack.
The adder bites you but does no damage. The adder bites you.
You die...

.....................
........†..........#
..............<.....
####.......$....... ####
##..##.#..<.##.# #..#
####..##.##....... #..###
#####.....##..........
#....######...$.S...#...#.......
##.......#......@B.....|.........
#.....##'##.####.###.............
.....##8.8## ...# #..^..#.......
....##.....##.#### #....##..†....
...##8)....8## ###..####.......
..##.........## ##....##.........
..#8.........8# #........###.####
..+.....(†....+.#.#...####...#
..#8.........8#.......###..###


You could see an adder and a giant cockroach.

Vanquished Creatures
  An adder (D:2)
  2 worms (D:2)
  A dart slug (D:2)
  6 endoplasms
  3 giant cockroaches (D:1)
  A goblin (D:1)
  A hobgoblin (D:1)
  2 kobolds
  2 quokkas (D:2)
  2 ball pythons
  2 frilled lizards
  6 rats
29 creatures vanquished.

Notes
Turn   | Place    | Note
-------+----------+-------------------------------------------
     0 | D:1      | ytrimaz the Octopode Fighter began the quest for the Orb.
     0 | D:1      | Reached XP level 1. HP: 16/16 MP: 1/1
   170 | D:1      | Reached XP level 2. HP: 21/21 MP: 2/2
   407 | D:1      | Found a faded altar of an unknown god.
   779 | D:2      | Reached XP level 3. HP: 22/26 MP: 3/3
  1061 | D:2      | Slain by an adder

Illustrated notes

Levels and vault maps discovered:
D:1:      dpeg_arrival_boxorama, layout_basic, ebering_ecumenical_altar_mist,
          minmay_statues_item, minmay_split_cup_small
D:2:      layout_rooms, basic_altar, dk_noncrumbling_4

Action                   || total
-------------------------++-------
Melee: Rapier            ||     7
       Dagger            ||    64
       Constrict         ||    15
       Tentacles         ||    16
 Stab: Sleeping          ||     5
Armor: Skin              ||     7
Dodge: Dodged            ||    39
Block: Buckler           ||    18

Table legend: (Time is in decaauts)
 A = Elapsed time spent in this place.
 B = Non-inter-level travel time spent in this place.
 C = Inter-level travel time spent in this place.
 D = Time resting spent in this place.
 E = Time spent auto-exploring this place.
 F = Levels seen in this place.
 G = Mean time per level.
                   A        B        C        D        E       F      G
               +--------+--------+--------+--------+--------+-----+--------+
         Total |   1055 |   1036 |     19 |      0 |    799 |   2 |  527.5 |
       Dungeon |   1055 |   1036 |     19 |      0 |    799 |   2 |  527.5 |
               +--------+--------+--------+--------+--------+-----+--------+

Top non-repeatable levels by time:
     D:1: 712 daAuts
     D:2: 342 daAuts
